 Dungeon Crawl Stone Soup version 0.28-a0-1374-ga75cb3825e (webtiles) character file.

Game seed: 17526270447494209981

25995 browni3141 the Tainter (level 13, -5/93 HPs)
             Began as an Octopode Venom Mage on Jan 1, 2022.
             Was an Elder of Vehumet.
             Slain by an eight-headed hydra (10 damage)
             ... on level 10 of the Dungeon.
             The game lasted 00:48:47 (23851 turns).

browni3141 the Tainter (Octopode Venom Mage)       Turns: 23851, Time: 00:48:48

Health: -5/93      AC:  2    Str:  8    XL:     13   Next: 23%
Magic:  19/19      EV: 36    Int: 22    God:    Vehumet [****..]
Gold:   1848       SH:  5    Dex: 12    Spells: 1/20 levels left

rFire   + + .      SeeInvis +   b - +2 whip (freeze)
rCold   . . .      Faith    .   z - +0 buckler
rNeg    + . .      Spirit   .   m - +1 hat {Will+}
rPois   .          Reflect  .   e - amulet of the acrobat
rElec   .          Harm     .   w - ring of see invisible
rCorr   .          Rampage  .   y - ring of positive energy
Will    +....                   B - ring of wizardry
Stlth   +++++.....              i - ring of protection from fire
HPRegen 0.25/turn               S - ring of wizardry
MPRegen 0.16/turn               Q - +4 ring of evasion
                                J - ring of protection from fire
                                (no ring)

@: acrobatic
A: almost no armour, amphibious, 8 rings, camouflage 1, gelatinous body 1,
(nimble swimmer 1), tentacles
a: Renounce Religion


You were on level 10 of the Dungeon.
You worshipped Vehumet.
Vehumet was greatly pleased with you.
You visited 5 branches of the dungeon, and saw 16 of its levels.

You collected 1848 gold pieces.

Inventory:

Hand Weapons
 b - a +2 whip of freezing (weapon)
Missiles
 x - 4 boomerangs of dispersal
 G - 173 stones
Armour
 m - a +1 hat of willpower (worn)
 z - a +0 buckler (worn)
 M - a +0 kite shield
Jewellery
 e - an amulet of the acrobat (around mantle)
 i - a ring of protection from fire (on tentacle)
 w - a ring of see invisible (left tentacle)
 y - a ring of positive energy (right tentacle)
 B - a ring of wizardry (on tentacle)
 J - a ring of protection from fire (on tentacle)
 Q - a +4 ring of evasion (on tentacle)
 S - a ring of wizardry (on tentacle)
Wands
 n - a wand of flame (80)
 p - a wand of mindburst (13)
 D - a wand of iceblast (5)
 R - a wand of digging (2)
Scrolls
 a - 2 scrolls of teleportation
 d - 2 scrolls of noise
 f - a scroll of torment
 g - 5 scrolls of fog
 h - a scroll of brand weapon
 j - 3 scrolls of blinking
 k - a scroll of amnesia
 l - a scroll of enchant weapon
 o - 3 scrolls of immolation
 s - a scroll of fear {unknown}
 u - 3 scrolls of vulnerability {unknown}
 v - a scroll of acquirement {unknown}
 I - a scroll of enchant armour {unknown}
 L - a scroll of magic mapping {unknown}
 O - a scroll of silence {unknown}
Potions
 c - 2 potions of heal wounds {unknown}
 q - 2 potions of cancellation {unknown}
 r - 4 potions of attraction {unknown}
 t - a potion of invisibility {unknown}
 A - 2 potions of lignification {unknown}
 C - a potion of resistance {unknown}
 E - 2 potions of flight {unknown}
 F - 2 potions of haste {unknown}
 H - a potion of might {unknown}
 K - 2 potions of brilliance {unknown}
 N - 2 potions of mutation {unknown}
 P - 3 potions of curing {unknown}


   Skills:
 + Level 10.7 Fighting
 + Level 10.4 Dodging
 - Level 8.0 Stealth
 - Level 4.0 Shields
 - Level 4.0 Spellcasting
 - Level 2.0 Conjurations
 - Level 1.0 Transmutations
 - Level 2.0 Air Magic
 - Level 7.9 Earth Magic
 * Level 11.9 Poison Magic
 - Level 8.0 Evocations


You had one spell level left.
You knew the following spells:

 Your Spells              Type           Power      Damage    Failure   Level
a - Sting                 Tmut/Pois      100%       1d8       1%          1
b - Poisonous Vapours     Pois/Air       70%        N/A       1%          2
c - Mephitic Cloud        Conj/Pois/Air  27%        N/A       1%          3
d - Olgreb's Toxic Radia  Pois           54%        N/A       1%          4
e - Sandblast             Erth           78%        2d17      1%          1
f - Lee's Rapid Deconstr  Erth           19%        3d12*     1%          5
g - Ignite Poison         Fire/Tmut/Pois 23%        N/A       1%          3

Your spell library contained the following spells:

 Spells                   Type           Power      Damage    Failure   Level
 Dazzling Flash           Conj/Hex       16%        N/A       2%          3
 Foxfire                  Conj/Fire      32%        2x1d5     1%          1
 Conjure Flame            Conj/Fire      8%         6-21      2%          3
 Inner Flame              Hex/Fire       4%         N/A       4%          3
 Airstrike                Air            6%         N/A       5%          4
 Petrify                  Tmut/Erth      24%        N/A       5%          4
 Leda's Liquefaction      Hex/Erth       10%        N/A       6%          4
 Flame Wave               Conj/Fire      8%         2d4       9%          4
 Lightning Bolt           Conj/Air       6%         1d18      14%         5
 Summon Lightning Spire   Summ/Air       8%         N/A       19%         4
 Passage of Golubria      Tloc           4%         N/A       28%         4
 Statue Form              Tmut/Erth      16%        N/A       54%         6
 Metabolic Englaciation   Hex/Ice        2%         N/A       58%         5
 Starburst                Conj/Fire      4%         6d3       67%         6


Dungeon Overview and Level Annotations

Branches:
Dungeon (11/15)            Temple (1/1) D:6            Lair (1/6) D:10
    Orc (2/2) D:9             Elf (1/3) Orc:2

Altars:
Ashenzari
Cheibriados
Dithmenos
Elyvilon
Fedhas
Gozag
Hepliaklqana
Kikubaaqudgha
Makhleb
Nemelex Xobeh
Okawaru
Qazlal
Ru
Sif Muna
Trog
Uskayaw
Vehumet
Wu Jian
Xom
Yredelemnul
Zin
The Shining One
Beogh

Shops:
D:2 =   D:10 (   Orc:2 [?[(


Innate Abilities, Weirdness & Mutations

You cannot wear most types of armour.
You are amphibious.
You can wear up to eight rings at the same time.
Your skin changes colour to match your surroundings (Stealth+).
Your rubbery body absorbs attacks. (AC +1, EV +1)
((You are camouflaged when in or above water. (Stealth+)))
You have tentacles for arms and can constrict up to eight enemies at once.


Message History

Confirm with . or Enter, or press ? or * to list all spells.
Aiming: Lee's Rapid Deconstruction (dangerous; 1% risk of failure)
Press: ? - help, Dir - move target A rock wall.
The wall shatters!
The blast of rock fragments hits the cane toad!
The cane toad is severely wounded.
The cane toad is engulfed in blazing flames.
You kill the cane toad!
Vehumet accepts your kill.
Unknown command.
Unknown command.
You start resting.
Magic restored.
You start resting.
HP restored.
There is a staircase to the Lair here.
You climb downwards.
Welcome back to the Lair of Beasts!
The eight-headed hydra bites you! The eight-headed hydra bites you.
The eight-headed hydra bites you! The eight-headed hydra bites you.
The eight-headed hydra bites you!
The eight-headed hydra closely misses you.
The eight-headed hydra bites you. The eight-headed hydra misses you.
There is a staircase back to the Dungeon, spattered with blood here.
Unknown command.
The eight-headed hydra bites you!
The eight-headed hydra completely misses you.
The eight-headed hydra bites you!
* * * LOW HITPOINT WARNING * * *
The eight-headed hydra bites you.
* * * LOW HITPOINT WARNING * * *
The eight-headed hydra completely misses you.
The eight-headed hydra bites you!
* * * LOW HITPOINT WARNING * * *
You block the eight-headed hydra's attack.
The eight-headed hydra misses you.
You climb upwards.
Welcome back to the Dungeon!
There is a staircase to the Lair here.
The eight-headed hydra bites you!
You die...

#...#.###########.##.#
#.#.###.#
#...#.#.........#.##.# #.#.#
#.# #...#.#.####.##.#.##.#
#.#.###.# #...#.#.#
#....#)##.# #.#...#.#
#####.#.#
#.####.######.###.#.## #.#.#
#.# #................ #.#.#
#.###########.#.###.##
#.#.####.............#.###.##
#.#.........@D....#..#.......
#.###############.#..#####.##
#...............#.#..# #...
##########>####.#.#..########
### #[.............
#############.###########
#.............#....#
#.#############.##.###### #.#
#.#.......#


You could see an eight-headed hydra.

Vanquished Creatures
  A deep elf death mage (Orc:2)
  2 centaur warriors (D:8)
  3 two-headed ogres
  3 orc high priests (Orc:2)
  2 deep elf knights
  Sonja (Orc:2)
  Pikel (D:4)
  4 orc knights (Orc:2)
  A deep elf pyromancer (Elf:1)
  4 orc sorcerers (Orc:2)
  A black mamba (Lair:1)
  A cane toad (D:10)
  A komodo dragon (Lair:1)
  4 trolls
  A meliai (D:8)
  3 hornets
  Grinder (D:5)
  A shadow (D:10)
  25 yaks
  Eustachio (D:5)
  2 steam dragons (D:7)
  4 vampire mosquitoes
  2 wargs (Orc:1)
  4 water moccasins
  18 orc warriors
  2 black bears
  A hornet zombie (D:9)
  6 sky beasts
  5 ogres
  4 centaurs
  2 lemures (D:4)
  2 phantoms
  3 kobold brigands
  3 bullfrogs
  A scorpion (D:4)
  2 gnoll sergeants
  A water moccasin zombie (D:6)
  A wight (D:8)
  4 killer bees
  5 howler monkeys (D:8)
  6 centaur zombies
  4 jellies
  A bullfrog zombie (D:7)
  5 hounds
  11 orc priests
  3 centaur skeletons
  Jessica (D:2)
  16 orc wizards
  An iguana (D:6)
  A killer bee zombie (D:8)
  3 howler monkey zombies
  4 gnolls
  12 adders
  2 adder skeletons (D:4)
  A worm (D:3)
  3 dart slugs
  36 orcs
  7 ball pythons
  4 bats
  7 endoplasms
  2 giant cockroaches
  8 goblins
  8 hobgoblins
  7 jackals
  14 kobolds
  2 quokkas
  2 frilled lizards
  6 rats
310 creatures vanquished.

Vanquished Creatures (others)
  An orc wizard (D:9)
  4 fungi
  5 plants (D:2)
  3 toadstools (D:7)
13 creatures vanquished.

Grand Total: 323 creatures vanquished

Notes
Turn   | Place    | Note
-------+----------+-------------------------------------------
     0 | D:1      | browni3141 the Octopode Venom Mage began the quest for the
                  | Orb.
     0 | D:1      | Reached XP level 1. HP: 11/11 MP: 3/3
    29 | D:1      | Reached skill level 4 in Poison Magic
    29 | D:1      | Reached XP level 2. HP: 17/17 MP: 0/5
   674 | D:1      | Reached XP level 3. HP: 21/21 MP: 4/6
   705 | D:1      | Reached skill level 5 in Poison Magic
  1481 | D:2      | Learned a level 2 spell: Poisonous Vapours
  1485 | D:2      | Learned a level 3 spell: Mephitic Cloud
  1623 | D:2      | Noticed Jessica
  1644 | D:2      | Killed Jessica
  1645 | D:2      | Reached XP level 4. HP: 7/27 MP: 0/7
  2246 | D:2      | Reached skill level 1 in Conjurations
  2246 | D:2      | Reached skill level 1 in Air Magic
  2246 | D:2      | Reached skill level 6 in Poison Magic
  2339 | D:2      | Reached XP level 5. HP: 31/31 MP: 0/8
  2613 | D:2      | Found Roonuul's Jewellery Boutique.
  2960 | D:2      | Found a faded altar of an unknown god.
  3377 | D:3      | Found a burning altar of Makhleb.
  4256 | D:4      | Reached XP level 6. HP: 29/36 MP: 9/9
  4261 | D:4      | Learned a level 4 spell: Olgreb's Toxic Radiance
  4606 | D:4      | Reached skill level 7 in Poison Magic
  4943 | D:4      | Noticed Pikel
  4971 | D:4      | Killed Pikel
  4972 | D:4      | Reached skill level 8 in Poison Magic
  4972 | D:4      | Reached XP level 7. HP: 46/46 MP: 1/13
  5166 | D:5      | Entered Level 5 of the Dungeon
  5166 | D:5      | Noticed Grinder
  5260 | D:5      | Noticed Eustachio
  5318 | D:5      | Reached skill level 1 in Evocations
  5318 | D:5      | Reached XP level 8. HP: 35/52 MP: 12/14
  5465 | D:5      | Identified the +0 robe "Mebae" {Dex+4}
  5903 | D:5      | Killed Eustachio
  6556 | D:6      | Reached skill level 1 in Shields
  7241 | D:6      | Found a staircase to the Ecumenical Temple.
  7250 | Temple   | Entered the Ecumenical Temple
  7316 | Temple   | Became a worshipper of Vehumet
  7440 | D:6      | Reached XP level 9. HP: 59/59 MP: 15/15
  7469 | D:6      | Reached skill level 5 in Stealth
  7809 | D:6      | Reached skill level 5 in Evocations
  8399 | D:7      | Reached skill level 5 in Fighting
  9529 | D:8      | Reached skill level 5 in Dodging
  9529 | D:8      | Reached XP level 10. HP: 67/67 MP: 8/16
  9532 | D:8      | Reached * piety under Vehumet
  9532 | D:8      | Offered knowledge of Sandblast by Vehumet.
  9672 | D:8      | Learned a level 1 spell: Sandblast
  9720 | D:8      | Learned a level 5 spell: Lee's Rapid Deconstruction
  9826 | D:8      | Reached skill level 1 in Earth Magic
 10979 | D:5      | Killed Grinder
 11159 | D:8      | Noticed a centaur warrior
 11463 | D:9      | Found a staircase to the Orcish Mines.
 12152 | D:9      | Offered knowledge of Shock by Vehumet.
 12717 | D:9      | Reached skill level 5 in Earth Magic
 13121 | D:10     | Entered Level 10 of the Dungeon
 13153 | D:10     | Found Puod's Weapon Shop.
 13164 | D:10     | Got the Tome of the Arsonist and Dislocation
 13380 | D:10     | Reached XP level 11. HP: 31/74 MP: 17/17
 13598 | D:10     | Noticed a two-headed ogre
 13626 | D:10     | Found a staircase to the Lair.
 13687 | D:10     | Reached ** piety under Vehumet
 15403 | D:10     | Killed a two-headed ogre
 15669 | D:8      | Killed a centaur warrior
 16018 | D:8      | Noticed a centaur warrior
 16033 | D:8      | Killed a centaur warrior
 16668 | D:11     | Noticed a two-headed ogre
 16699 | D:11     | Killed a two-headed ogre
 16941 | D:11     | Noticed a two-headed ogre
 17426 | D:11     | Noticed a death knight
 17428 | D:11     | Noticed a phantasmal warrior
 17433 | D:11     | Noticed a skeletal warrior
 17522 | D:10     | Killed a two-headed ogre
 17727 | D:11     | Reached XP level 12. HP: 81/84 MP: 7/18
 18075 | Orc:1    | Entered Level 1 of the Orcish Mines
 18244 | Orc:2    | Entered Level 2 of the Orcish Mines
 18254 | Orc:2    | Offered knowledge of Stone Arrow by Vehumet.
 18325 | Orc:1    | Reached *** piety under Vehumet
 18655 | Orc:2    | Found a staircase to the Elven Halls.
 18783 | D:9      | Learned a level 3 spell: Ignite Poison
 18980 | Orc:2    | Noticed Sonja
 18983 | Orc:2    | Killed Sonja
 18986 | Orc:2    | Noticed an orc high priest
 18988 | Orc:2    | Noticed an orc high priest
 18999 | Orc:2    | Killed an orc high priest
 18999 | Orc:2    | Killed an orc high priest
 19207 | Orc:2    | Reached skill level 9 in Poison Magic
 19269 | Orc:2    | Offered knowledge of Hailstorm by Vehumet.
 19501 | Orc:2    | Noticed an orc high priest
 19511 | Orc:2    | Killed an orc high priest
 19873 | Orc:2    | Reached skill level 10 in Fighting
 19873 | Orc:2    | Reached skill level 10 in Poison Magic
 20787 | Orc:1    | Reached **** piety under Vehumet
 21025 | Orc:2    | Found Birawkim's Antique Weapon Emporium.
 21030 | Orc:2    | Found Wairydde's Antique Armour Shop.
 21033 | Orc:2    | Offered knowledge of Dazzling Flash by Vehumet.
 21077 | Orc:2    | Reached skill level 10 in Dodging
 21170 | Orc:2    | Found Waarelie's Magic Scroll Shop.
 21183 | Orc:2    | Found Buamuhe's Antique Armour Emporium.
 21630 | Elf:1    | Entered Level 1 of the Elven Halls
 21630 | Elf:1    | Noticed a deep elf death mage
 21634 | Elf:1    | Killed a deep elf death mage
 21874 | Orc:2    | Killed a ghostly deep elf death mage
 21875 | Orc:2    | Reached skill level 11 in Poison Magic
 21875 | Orc:2    | Reached XP level 13. HP: 93/93 MP: 10/19
 22528 | Lair:1   | Entered Level 1 of the Lair of Beasts
 23836 | Lair:1   | HP: 1/93 [eight-headed hydra (13)]
 23851 | D:10     | Slain by an eight-headed hydra

Illustrated notes

Levels and vault maps discovered:
D:1:      dpeg_arrival_pits, layout_basic
D:2:      layout_basic, shapermc_ecumenical_altar_mp_urbaneastern, serial_shops,
          shop, minmay_cupped, uniq_jessica
D:3:      layout_basic, mainiacjoe_overflow_small_starburst
D:4:      layout_basic, uniq_pikel
D:5:      layout_loops_ring, uniq_eustachio, uniq_grinder
D:6:      layout_rooms, temple_green
D:7:      layout_loops_ring, minmay_gold_behind_fungi, hangedman_misty_isle
D:8:      nzn_winding_woodlands_three_and_one
          [nzn_winding_woodlands_5x15_sidewinder,
          nzn_winding_woodlands_5x15_default, nzn_winding_woodlands_5x15_twine,
          nzn_winding_woodlands_center_lodge], layout_basic,
          kennysheep_generic_room_12
D:9:      layout_loops_ring, minmay_misc_feat_cross, minmay_puff
D:10:     minmay_skewed_foursquare, layout_basic, lair_entry_dummy,
          serial_shops, nicolae_diamond_shop
D:11:     layout_irregular_city
Temple:   grunt_wide_crystal_templ
Lair:1:   layout_misc_corridors, special_room [special_room_bee]
Orc:1:    layout_diamond_mine, nicolae_orc_lost_temple
Orc:2:    st_orc_elflike, layout_diamond_mine, dreamdust_deal_with_the_devil,
          uniq_sonja
Elf:1:    eino_elf_arrival_altar, layout_rooms, evilmike_minifort,
          serial_sigils_hangedman_snap, uniq_louise

Skill      XL: |  1  2  3  4  5  6  7  8  9 10 11 12 |
---------------+-------------------------------------+-----
Poison Magic   | 4 5 6 8 11 | 11.9
Conjurations   | 1 2 |  2.0
Air Magic      | 1 2 |  2.0
Spellcasting   | 4 |  4.0
Fighting       | 3 4 5 6 8 10 | 10.7
Evocations     | 1 4 6 7 8 |  8.0
Stealth        | 4 7 8 |  8.0
Dodging        | 3 5 6 8 10 | 10.4
Shields        | 2 4 |  4.0
Earth Magic    | 5 7 |  7.9
Transmutations | |  1.0

Action                   |  1- 3 |  4- 6 |  7- 9 | 10-12 | 13-15 || total
-------------------------+-------+-------+-------+-------+-------++-------
Melee: Constrict         |     8 |    11 |    15 |    34 |     5 ||    73
       Unarmed           |     1 |       |       |       |       ||     1
       Whip              |    26 |    56 |   143 |   249 |    25 ||   499
       Tentacles         |     4 |    11 |    28 |    55 |     3 ||   101
 Cast: Sting             |    37 |    41 |    32 |    57 |     5 ||   172
       Poisonous Vapours |     2 |    15 |     4 |     6 |     2 ||    29
       Mephitic Cloud    |       |     1 |     8 |    18 |     3 ||    30
       Olgreb's Toxic Ra |       |     4 |    15 |    97 |    10 ||   126
       Lee's Rapid Decon |       |       |       |    32 |     3 ||    35
       Sandblast         |       |       |       |    18 |       ||    18
       Ignite Poison     |       |       |       |    31 |     9 ||    40
Evoke: Wand              |       |       |    26 |     9 |     1 ||    36
  Use: Scroll            |       |       |     5 |     6 |     1 ||    12
 Stab: Sleeping          |     1 |     6 |     3 |     7 |     1 ||    18
       Confused          |       |       |     1 |     5 |       ||     6
       Distracted        |       |       |     2 |       |       ||     2
Armor: Skin              |     1 |     7 |    34 |    20 |     2 ||    64
Dodge: Dodged            |    27 |    40 |   109 |   246 |    33 ||   455
Block: Buckler           |       |       |    26 |    84 |     3 ||   113

Table legend: (Time is in decaauts)
 A = Elapsed time spent in this place.
 B = Non-inter-level travel time spent in this place.
 C = Inter-level travel time spent in this place.
 D = Time resting spent in this place.
 E = Time spent auto-exploring this place.
 F = Levels seen in this place.
 G = Mean time per level.
                   A        B        C        D        E       F      G
               +--------+--------+--------+--------+--------+-----+--------+
         Total |  23948 |  22476 |   1472 |   4449 |  14189 |  16 | 1496.8 |
       Dungeon |  19165 |  17845 |   1320 |   3038 |  11772 |  11 | 1742.3 |
        Temple |     74 |     55 |     19 |      0 |     37 |   1 |   74.0 |
          Lair |    432 |    432 |      0 |     22 |    287 |   1 |  432.0 |
  Orcish Mines |   4237 |   4106 |    131 |   1386 |   2089 |   2 | 2118.5 |
   Elven Halls |     37 |     37 |      0 |      3 |      4 |   1 |   37.0 |
               +--------+--------+--------+--------+--------+-----+--------+

Top non-repeatable levels by time:
    D:10: 3824 daAuts
   Orc:2: 2638 daAuts
     D:8: 2125 daAuts
     D:9: 2120 daAuts
     D:1: 1827 daAuts
     D:7: 1663 daAuts
   Orc:1: 1598 daAuts
     D:5: 1546 daAuts
     D:4: 1386 daAuts
     D:6: 1325 daAuts
     D:2: 1320 daAuts
     D:3: 1043 daAuts
    D:11: 983 daAuts
  Lair:1: 432 daAuts
  Temple: 74 daAuts
